 Dungeon Crawl Stone Soup version 0.19.1 (webtiles) character file.

4184 Nydiazath the Basher (level 10, -7/56 HPs)
             Began as a Gargoyle Fighter on Dec 26, 2016.
             Was an Elder of Okawaru.
             Killed by divine providence
             ... invoked by an orc priest
              (20 damage)
             ... on level 9 of the Dungeon.
             The game lasted 00:18:21 (7236 turns).

Nydiazath the Basher (Gargoyle Fighter)             Turns: 7236, Time: 00:18:22

Health: -7/56      AC: 31    Str: 27      XL:     10   Next: 29%
Magic:  10/10      EV:  8    Int:  9 (10) God:    Okawaru [****..]
Gold:   212        SH: 12    Dex:  9 (10) Spells: 0 memorised, 9 levels left

rFire  + . .     SeeInvis .     D - +3 flail (protect)
rCold  . . .     Gourm    .     b - +1 scale mail
rNeg   + . .     Faith    .     c - +0 shield
rPois  ∞         Spirit   .     (no helmet)
rElec  +         Reflect  .     (no cloak)
rCorr  .         Harm     +     (no gloves)
MR     .....                    (no boots)
Stlth  ..........               I - amulet of harm
                                g - ring of Robustness {AC+8}
                                a - +6 ring of strength

@: protection aura
A: yellow scales 1, clumsy 1, deterioration 1, fire resistance 1, negative
energy resistance 1, electricity resistance, strong 1, unbreathing,
petrification resistance, rot immunity, AC +7
a: Heroism, Renounce Religion


You were on level 9 of the Dungeon.
You worshipped Okawaru.
Okawaru was greatly pleased with you.
You were near starving.

You visited 2 branches of the dungeon, and saw 10 of its levels.

You collected 461 gold pieces.
You spent 249 gold pieces at shops.

Inventory:

Hand Weapons
 D - a +3 flail of protection (weapon)
Armour
 b - a +1 scale mail (worn)
 c - a +0 shield (worn)
Jewellery
 a - a +6 ring of strength (left hand)
 g - the ring of Robustness (right hand) {AC+8}
   (You found it on level 8 of the Dungeon)

   [ring of protection]

   It affects your AC (+8).
 t - an uncursed ring of flight
 y - an uncursed ring of see invisible
 H - an uncursed ring of wizardry {unknown}
 I - an amulet of harm (around neck)
Scrolls
 i - 3 scrolls of remove curse
 l - 2 scrolls of fear {unknown}
 n - 3 scrolls of recharging {unknown}
 o - a scroll of teleportation
 p - 2 scrolls of blinking {unknown}
 u - 2 scrolls of enchant armour
 x - 4 scrolls of immolation {unknown}
 E - 2 scrolls of identify
 F - 2 scrolls of fog {unknown}
Potions
 d - 2 potions of might
 e - a potion of resistance {unknown}
 k - a potion of heal wounds
 q - 3 potions of curing
 r - 2 potions of agility
 w - a potion of cancellation
 z - 3 potions of brilliance
 A - a potion of flight
 B - 2 potions of magic
 C - a potion of invisibility
 G - a potion of cure mutation
 L - a potion of lignification
Comestibles
 f - 8 bread rations
 h - 6 beef jerkies
 j - a slice of pizza
 m - 6 meat rations
 s - 3 fruits
 v - 4 royal jellies


   Skills:
 - Level 3.2 Fighting
 + Level 12.4 Maces & Flails
 - Level 3.2 Armour
 + Level 8.8 Shields


You had 9 spell levels left.
You didn't know any spells.

Dungeon Overview and Level Annotations

Branches:
Dungeon (9/15)             Temple (1/1) D:4            Lair (0/6) D:8
    Orc (0/2) D:9

Altars:
Ashenzari
Cheibriados
Elyvilon
Fedhas
Gozag
Hepliaklqana
Kikubaaqudgha
Makhleb
Nemelex Xobeh
Okawaru
Qazlal
Ru
Sif Muna
Trog
Uskayaw
Vehumet
Xom
Yredelemnul
Zin
The Shining One

Shops:
D:2 *   D:7 ([   D:8 ?%!*}


Innate Abilities, Weirdness & Mutations

You are resistant to torment.
Your stone body is resilient. (AC +7)
You are immune to poison.
You resist negative energy. (rN+)
You are resistant to electric shocks. (rElec)
You can survive without breathing.
You are immune to petrification.
You are immune to rotting.
You are partially covered in yellow scales. (AC +2)
You are clumsy. (Dex -2)
Your body sometimes deteriorates upon taking damage.
Your flesh is heat resistant. (rF+)
Your muscles are strong. (Str +2)


Message History

3 zombies come into view.
You sock the orc zombie!
You destroy the orc zombie!
You hit the goblin zombie.
The goblin zombie is moderately damaged.
The goblin zombie moves out of view.
The goblin zombie closely misses you.
You barely miss the goblin zombie.
The goblin zombie is moderately damaged.
The orc priest invokes the aid of Beogh against you.
Beogh smites you!
* * * LOW HITPOINT WARNING * * *
Your body deteriorates!
You feel clumsy.
You are too injured to fight recklessly!
You are too injured to fight recklessly!
You barely miss the goblin zombie.
The goblin zombie is moderately damaged.
You block the goblin zombie's attack.
The orc priest calls down the wrath of Beogh upon you.
Beogh smites you!
You die...

###............
............... #.
##..8.....>.....
#.##
#.....ZZ....Z...
...#
#..#....Z..Z....
#..##..#..Z..ZZ.%...
##.....#.ZZ..Z8Z....
#...#.<#####ZoZZ.#
#.......@ZZ#.#.#
###..#####.#...
####..# #..... .#
#.....# #...#.# # .
#.###.###...#.#.#
..# #...........#
....#######.....##
#..............###
..##.....####.##


You could see an orc priest, a goblin zombie, 3 orc zombies, 3 ogre zombies, a
hill giant zombie, a goblin skeleton and an orc skeleton.

Vanquished Creatures
  The ghost of Xenophilius the Sneak, an amateur NaWz (D:5)
  A spriggan (D:7)
  Eustachio (D:6)
  A hungry ghost (D:7)
  Edmund (D:6)
  An orc warrior (D:7)
  3 black bears
  2 sky beasts
  4 ogres
  3 phantoms
  A centaur (D:7)
  3 bullfrogs
  A big kobold (D:8)
  2 scorpions
  10 killer bees
  4 wights (D:4)
  A howler monkey (D:4)
  3 crimson imps
  A bullfrog zombie (D:6)
  6 orc priests
  4 hounds
  A jelly (D:5)
  Natasha (thrice) (D:4)
  8 orc wizards
  5 worker ants
  2 ogre zombies (D:9)
  Robin (D:2)
  2 hound skeletons
  A howler monkey skeleton (D:8)
  11 adders
  A gnoll (D:1)
  An ooze (D:1)
  2 adder zombies
  3 worms
  A dart slug (D:2)
  9 leopard geckos
  20 orcs
  7 giant cockroaches
  20 goblins
  6 hobgoblins
  9 jackals
  3 quokkas
  3 ball pythons
  8 bats
  13 frilled lizards
  A goblin zombie (D:9)
  A jackal zombie (D:5)
  12 kobolds
  An orc skeleton (D:9)
  8 orc zombies (D:9)
  A quokka skeleton (D:9)
  9 rats
  3 rat zombies (D:3)
230 creatures vanquished.

Vanquished Creatures (others)
  An orc wizard (D:4)
1 creature vanquished.

Grand Total: 231 creatures vanquished

Notes
Turn   | Place    | Note
-------+----------+-------------------------------------------
     0 | D:1      | Nydiazath the Gargoyle Fighter began the quest for the Orb.
     0 | D:1      | Reached XP level 1. HP: 14/14 MP: 1/1
   132 | D:1      | Reached XP level 2. HP: 19/19 MP: 2/2
   279 | D:1      | Reached skill level 3 in Maces & Flails
   449 | D:1      | Reached XP level 3. HP: 23/23 MP: 3/3
   651 | D:2      | Reached skill level 4 in Maces & Flails
   672 | D:2      | Reached XP level 4. HP: 22/28 MP: 4/4
   734 | D:2      | Noticed Robin
   741 | D:2      | Killed Robin
   830 | D:2      | Found Gozag's Platinum Reserve.
  1058 | D:2      | Reached skill level 5 in Maces & Flails
  1058 | D:2      | Reached XP level 5. HP: 29/32 MP: 5/5
  1139 | D:2      | Found an opulent altar of Gozag.
  2058 | D:3      | Found an ancient bone altar of Kikubaaqudgha.
  2281 | D:4      | Found a shimmering altar of Xom.
  2338 | D:4      | Reached skill level 6 in Maces & Flails
  2343 | D:4      | Reached XP level 6. HP: 33/37 MP: 6/6
  2387 | D:4      | Found a sparkling altar of Nemelex Xobeh.
  2427 | D:4      | Reached skill level 7 in Maces & Flails
  2629 | D:4      | Found a staircase to the Ecumenical Temple.
  2639 | D:4      | Reached XP level 7. HP: 29/41 MP: 7/7
  2655 | Temple   | Entered the Ecumenical Temple
  2912 | Temple   | Became a worshipper of Warmaster Okawaru
  3053 | D:4      | Found a stormy altar of Qazlal.
  3053 | D:4      | Noticed Natasha
  3065 | D:4      | Killed Natasha
  3343 | D:4      | Noticed Natasha
  3346 | D:4      | Killed Natasha
  3346 | D:4      | Reached skill level 8 in Maces & Flails
  3389 | D:4      | Found a glowing golden altar of the Shining One.
  3559 | D:4      | Noticed Natasha
  3571 | D:4      | Killed Natasha
  3611 | D:5      | Entered Level 5 of the Dungeon
  3649 | D:5      | Noticed Xenophilius's ghost (amateur NaWz)
  3666 | D:5      | Killed Xenophilius's ghost
  3743 | D:5      | Reached skill level 9 in Maces & Flails
  3743 | D:5      | Reached XP level 8. HP: 44/46 MP: 8/8
  4013 | D:5      | Reached * piety under Okawaru
  4275 | D:5      | Reached skill level 10 in Maces & Flails
  4438 | D:6      | Noticed Edmund
  4474 | D:6      | Killed Edmund
  4807 | D:6      | Noticed Eustachio
  4826 | D:6      | Killed Eustachio
  4850 | D:6      | Reached ** piety under Okawaru
  4850 | D:6      | Reached XP level 9. HP: 42/51 MP: 9/9
  4893 | D:6      | Reached skill level 11 in Maces & Flails
  4905 | D:6      | Reached skill level 5 in Shields
  4907 | D:6      | Found a sparkling altar of Nemelex Xobeh.
  5230 | D:7      | Found Noabb's Weapon Boutique.
  5548 | D:7      | Found Ciamn's Antique Armour Shop.
  5579 | D:7      | Found a sacrificial altar of Ru.
  5665 | D:7      | Found a deep blue altar of Sif Muna.
  5817 | D:7      | Reached *** piety under Okawaru
  6110 | D:8      | Found Miamiodil's Food Shoppe.
  6149 | D:8      | Found a hazy altar of Hepliaklqana.
  6506 | D:8      | Reached skill level 12 in Maces & Flails
  6556 | D:8      | Reached XP level 10. HP: 47/56 MP: 10/10
  6561 | D:8      | Found Alenuynt's Assorted Antiques.
  6589 | D:8      | Bought an inky potion for 31 gold pieces
  6589 | D:8      | Bought a fizzy ruby potion for 31 gold pieces
  6589 | D:8      | Bought a scroll labeled SURGHE HYDWE for 35 gold pieces
  6697 | D:8      | Found Maakhoc's Distillery.
  6714 | D:8      | Bought a potion of mutation for 30 gold pieces
  6714 | D:8      | Bought a potion of degeneration for 12 gold pieces
  6718 | D:8      | Found a staircase to the Lair.
  6745 | D:8      | Found a faded altar of an unknown god.
  6745 | D:8      | Found a faded altar of an unknown god.
  6745 | D:8      | Found a faded altar of an unknown god.
  6753 | D:8      | Found a faded altar of an unknown god.
  6759 | D:8      | Found Yzot's Magic Scroll Shoppe.
  6769 | D:8      | Bought a scroll of identify for 22 gold pieces
  6769 | D:8      | Bought a scroll of identify for 22 gold pieces
  6769 | D:8      | Bought a scroll of identify for 22 gold pieces
  6769 | D:8      | Bought a scroll of identify for 22 gold pieces
  6769 | D:8      | Bought a scroll of identify for 22 gold pieces
  6774 | D:8      | Gained mutation: Your spells are a little harder to cast, but a little more powerful. [potion of mutation]
  6774 | D:8      | Gained mutation: Your flesh is heat resistant. (rF+) [potion of mutation]
  6775 | D:8      | Gained mutation: Your body sometimes deteriorates upon taking damage. [potion of mutation]
  6775 | D:8      | Gained mutation: Your muscles are strong. (Str +2) [potion of mutation]
  6776 | D:8      | Lost mutation: Your spells are a little harder to cast, but a little more powerful. [potion of mutation]
  6776 | D:8      | Gained mutation: You are clumsy. (Dex -2) [potion of mutation]
  6776 | D:8      | Gained mutation: You are partially covered in yellow scales. (AC +2) [potion of mutation]
  6892 | D:8      | Found Viup's Gadget Shoppe.
  6984 | D:8      | Reached **** piety under Okawaru
  7016 | D:8      | Found a glowing silver altar of Zin.
  7188 | D:9      | Found a staircase to the Orcish Mines.
  7236 | D:9      | Killed from afar by an orc priest

Skill      XL: |  1  2  3  4  5  6  7  8  9 10 |
---------------+-------------------------------+-----
Maces & Flails | 3 4 5 6 7 9 10 12 | 12.4
Shields        | 4 7 8 |  8.8
Fighting       | |  3.2
Armour         | |  3.2

Action                   |  1- 3 |  4- 6 |  7- 9 | 10-12 || total
-------------------------+-------+-------+-------+-------++-------
Melee: Flail             |   138 |   241 |   524 |   141 ||  1044
Invok: Heroism           |       |       |       |     1 ||     1
  Use: Scroll            |       |       |    11 |     5 ||    16
       Potion            |       |       |     1 |     4 ||     5
  Eat: Chunk             |       |     6 |    17 |       ||    23
       Pizza             |       |       |     1 |       ||     1
Armor: Scale mail        |   117 |   118 |   299 |    65 ||   599
Dodge: Dodged            |    60 |    68 |   170 |    52 ||   350
Block: Shield            |   114 |   123 |   272 |    97 ||   606
